[ AOE2 MATCH · #495334530 ]
UnrankedCelts vs Hindustanis
Player's team · WIN
[ REPLAY ANALYSIS · EXTRACTED FROM THE RECORDED GAME ]
Feudal
9:22
Castle
20:43
Imperial
—
| APM avg | 49.3 |
| APM peak | 76 |
| eAPM avg | 26.9 |
| Villagers / military | 86 / 56 |
Focus
⚔️ 54.1% · 🌾 45.9%
Militia ×34 · Archer ×6 · Skirmisher ×6 · Mangonel ×3 · Scout Cavalry ×3 · Scorpion ×2
Feudal
9:17
Castle
22:09
Imperial
—
| APM avg | 75.8 |
| APM peak | 104 |
| eAPM avg | 26.5 |
| Villagers / military | 57 / 46 |
Focus
⚔️ 34.8% · 🌾 65.2%
Cavalry Archer ×27 · Skirmisher ×9 · Archer ×6 · Mangonel ×2 · Spearman ×2
Match map
Initial resources + every placement click. Lines = walls · curves = elevation contours. ◆ gold · ⬟ stone · ● berries · ✦ relic · ◌ wall gap
Your base· Open — 7t gap
juligrancella's base· ✓ Closed at 22:09 · 40t walls · 2 gate(s)
Smoothed initial terrain · ◌ = detected wall gap · hover for details
Inputs per minute
— CORP_Leugim - - juligrancella
Build order — CORP_Leugim
First 150 of 238 actions detected
| 0:00 | Create | Villager (Male) |
| 0:01 | Build | House |
| 0:02 | Build | House |
| 0:06 | Create | Villager (Male) |
| 0:06 | Create | Villager (Male) |
| 0:11 | Create | Villager (Male) |
| 0:11 | Create | Villager (Male) |
| 0:11 | Create | Villager (Male) |
| 1:26 | Create | Villager (Male) |
| 1:26 | Create | Villager (Male) |
| 1:58 | Create | Villager (Male) |
| 1:58 | Create | Villager (Male) |
| 2:18 | Build | Lumber Camp |
| 2:25 | Create | Villager (Male) |
| 2:25 | Create | Villager (Male) |
| 2:25 | Create | Villager (Male) |
| 2:51 | Create | Villager (Male) |
| 2:51 | Create | Villager (Male) |
| 2:51 | Create | Villager (Male) |
| 3:05 | Create | Villager (Male) |
| 3:05 | Create | Villager (Male) |
| 3:05 | Create | Villager (Male) |
| 3:38 | Create | Villager (Male) |
| 3:38 | Create | Villager (Male) |
| 3:50 | Build | House |
| 3:55 | Create | Villager (Male) |
| 4:04 | Build | House |
| 4:25 | Create | Villager (Male) |
| 4:25 | Create | Villager (Male) |
| 5:17 | Create | Villager (Male) |
| 5:18 | Create | Villager (Male) |
| 5:32 | Build | Barracks |
| 5:43 | Create | Villager (Male) |
| 5:54 | Research | Loom |
| 6:48 | Build | Mill |
| 7:12 | Research | Feudal Age |
| 7:35 | Build | Mining Camp |
| 7:52 | Create | Militia |
| 8:01 | Create | Militia |
| 8:25 | Create | Militia |
| 8:51 | Create | Militia |
| 8:59 | Create | Villager (Male) |
| 9:02 | Build | House |
| 9:06 | Build | House |
| 9:07 | Build | Palisade Wall |
| 9:07 | Build | Palisade Wall |
| 9:07 | Build | Palisade Wall |
| 9:22 | Age | Feudal Age |
| 9:23 | Research | Man-at-Arms (upgrade) |
| 9:43 | Build | Archery Range |
| 9:51 | Create | Villager (Male) |
| 9:55 | Build | Farm |
| 10:00 | Create | Villager (Male) |
| 10:07 | Build | Farm |
| 10:25 | Build | Farm |
| 10:34 | Build | Farm |
| 10:37 | Create | Villager (Male) |
| 10:44 | Create | Archer |
| 11:06 | Create | Villager (Male) |
| 11:09 | Build | Farm |
| 11:10 | Build | Farm |
| 11:26 | Create | Villager (Male) |
| 11:30 | Build | Farm |
| 11:35 | Create | Archer |
| 12:01 | Create | Villager (Male) |
| 12:01 | Create | Archer |
| 12:03 | Build | Farm |
| 12:05 | Build | Farm |
| 12:08 | Create | Villager (Male) |
| 12:20 | Create | Villager (Male) |
| 12:26 | Build | House |
| 12:27 | Build | House |
| 12:30 | Create | Villager (Male) |
| 12:36 | Build | House |
| 12:37 | Build | Palisade Wall |
| 12:37 | Build | Palisade Wall |
| 12:45 | Research | Double-Bit Axe |
| 12:57 | Create | Villager (Male) |
| 12:58 | Create | Villager (Male) |
| 13:01 | Build | Farm |
| 13:04 | Create | Archer |
| 13:13 | Create | Villager (Male) |
| 13:25 | Create | Villager (Male) |
| 13:29 | Build | Palisade Wall |
| 13:47 | Create | Villager (Male) |
| 13:50 | Build | Farm |
| 13:52 | Build | Farm |
| 13:55 | Create | Archer |
| 14:00 | Create | Villager (Male) |
| 14:02 | Build | House |
| 14:12 | Create | Villager (Male) |
| 14:20 | Create | Villager (Male) |
| 14:22 | Build | Blacksmith |
| 14:35 | Build | Palisade Wall |
| 14:58 | Research | Fletching |
| 15:03 | Create | Villager (Male) |
| 15:06 | Create | Skirmisher |
| 15:06 | Create | Skirmisher |
| 15:11 | Create | Villager (Male) |
| 15:15 | Build | Farm |
| 15:16 | Build | Farm |
| 15:30 | Create | Villager (Male) |
| 15:32 | Build | House |
| 15:34 | Build | House |
| 15:35 | Build | Palisade Wall |
| 15:37 | Build | Palisade Wall |
| 15:37 | Build | Palisade Wall |
| 15:55 | Create | Villager (Male) |
| 15:58 | Create | Archer |
| 16:01 | Create | Villager (Male) |
| 16:23 | Create | Villager (Male) |
| 16:47 | Build | Stable |
| 16:49 | Create | Villager (Male) |
| 17:12 | Build | Palisade Wall |
| 17:19 | Build | Lumber Camp |
| 17:37 | Build | Palisade Wall |
| 18:03 | Research | Castle Age |
| 18:03 | Research | Castle Age |
| 18:57 | Create | Scout Cavalry |
| 19:09 | Create | Scout Cavalry |
| 19:09 | Create | Scout Cavalry |
| 19:35 | Build | Barracks |
| 19:36 | Build | Barracks |
| 19:36 | Create | Militia |
| 19:36 | Create | Militia |
| 19:37 | Create | Militia |
| 20:00 | Research | Scale Mail Armor |
| 20:00 | Research | Scale Mail Armor |
| 20:06 | Create | Militia |
| 20:13 | Build | Farm |
| 20:13 | Build | Farm |
| 20:13 | Build | Farm |
| 20:16 | Build | House |
| 20:16 | Build | House |
| 20:17 | Build | House |
| 20:23 | Create | Militia |
| 20:23 | Create | Militia |
| 20:36 | Create | Militia |
| 20:43 | Age | Castle Age |
| 20:46 | Build | Siege Workshop |
| 20:48 | Build | Farm |
| 20:52 | Build | Mill |
| 20:52 | Build | Farm |
| 20:53 | Build | Farm |
| 20:53 | Build | Farm |
| 20:53 | Build | Farm |
| 20:53 | Build | Farm |
| 20:54 | Build | Farm |
| 20:54 | Build | Farm |
| 20:58 | Create | Militia |
Build order — juligrancella
First 150 of 179 actions detected
| 0:01 | Create | Villager (Male) |
| 0:01 | Create | Villager (Male) |
| 0:01 | Create | Villager (Male) |
| 0:02 | Build | House |
| 0:03 | Build | House |
| 0:13 | Create | Villager (Male) |
| 1:15 | Create | Villager (Male) |
| 1:29 | Create | Villager (Male) |
| 1:53 | Create | Villager (Male) |
| 2:01 | Build | Lumber Camp |
| 2:09 | Build | Lumber Camp |
| 2:13 | Build | Lumber Camp |
| 2:16 | Build | Lumber Camp |
| 2:25 | Create | Villager (Male) |
| 2:38 | Build | House |
| 2:39 | Build | House |
| 2:44 | Create | Villager (Male) |
| 3:12 | Build | House |
| 3:24 | Create | Villager (Male) |
| 3:37 | Create | Villager (Male) |
| 3:37 | Create | Villager (Male) |
| 3:58 | Create | Villager (Male) |
| 3:58 | Create | Villager (Male) |
| 4:26 | Create | Villager (Male) |
| 4:57 | Create | Villager (Male) |
| 5:03 | Create | Villager (Male) |
| 5:24 | Build | Mill |
| 5:40 | Research | Loom |
| 5:42 | Create | Villager (Male) |
| 6:27 | Research | Loom |
| 7:07 | Research | Feudal Age |
| 7:18 | Build | Mining Camp |
| 7:52 | Create | Villager (Male) |
| 8:09 | Build | Barracks |
| 8:18 | Build | Palisade Wall |
| 8:19 | Build | Palisade Wall |
| 8:19 | Build | Palisade Wall |
| 8:20 | Build | Palisade Wall |
| 8:36 | Create | Villager (Male) |
| 8:56 | Build | Palisade Wall |
| 9:02 | Build | Palisade Gate |
| 9:08 | Create | Villager (Male) |
| 9:17 | Age | Feudal Age |
| 9:33 | Build | Archery Range |
| 9:37 | Create | Villager (Male) |
| 10:15 | Research | Double-Bit Axe |
| 10:27 | Build | House |
| 10:29 | Build | Palisade Wall |
| 10:35 | Create | Villager (Male) |
| 10:38 | Research | Town Watch |
| 10:41 | Create | Skirmisher |
| 10:41 | Create | Skirmisher |
| 10:52 | Build | Mill |
| 11:00 | Build | Palisade Wall |
| 11:02 | Build | Palisade Wall |
| 11:03 | Build | Palisade Wall |
| 11:06 | Build | Palisade Wall |
| 11:07 | Build | Palisade Wall |
| 11:09 | Create | Archer |
| 11:25 | Create | Archer |
| 11:26 | Create | Villager (Male) |
| 11:50 | Build | House |
| 12:03 | Create | Spearman |
| 12:09 | Build | House |
| 12:21 | Create | Villager (Male) |
| 12:22 | Create | Villager (Male) |
| 12:27 | Create | Skirmisher |
| 12:29 | Build | Blacksmith |
| 12:41 | Create | Villager (Male) |
| 12:43 | Build | Farm |
| 12:43 | Build | Farm |
| 12:46 | Build | Farm |
| 13:01 | Build | Farm |
| 13:05 | Create | Skirmisher |
| 13:06 | Create | Archer |
| 13:11 | Create | Skirmisher |
| 13:27 | Build | Farm |
| 13:30 | Build | Farm |
| 13:41 | Build | Farm |
| 13:41 | Create | Villager (Male) |
| 13:43 | Create | Villager (Male) |
| 13:44 | Create | Villager (Male) |
| 13:51 | Build | House |
| 13:57 | Build | Farm |
| 14:00 | Create | Villager (Male) |
| 14:03 | Create | Villager (Male) |
| 14:20 | Create | Skirmisher |
| 14:27 | Create | Villager (Male) |
| 14:31 | Build | Farm |
| 14:34 | Build | Farm |
| 14:40 | Build | Farm |
| 14:42 | Build | Farm |
| 14:45 | Build | Farm |
| 14:46 | Research | Fletching |
| 14:47 | Create | Villager (Male) |
| 14:55 | Create | Skirmisher |
| 15:11 | Create | Skirmisher |
| 15:26 | Create | Skirmisher |
| 15:42 | Create | Villager (Male) |
| 15:43 | Create | Villager (Male) |
| 15:54 | Create | Archer |
| 16:04 | Create | Villager (Male) |
| 16:07 | Build | Farm |
| 16:07 | Build | Farm |
| 16:08 | Build | Farm |
| 16:16 | Create | Archer |
| 16:28 | Create | Villager (Male) |
| 16:56 | Build | Farm |
| 16:57 | Build | Farm |
| 16:58 | Create | Villager (Male) |
| 17:00 | Build | House |
| 17:00 | Build | House |
| 17:07 | Build | House |
| 17:26 | Create | Villager (Male) |
| 18:07 | Build | House |
| 18:09 | Build | Farm |
| 18:10 | Create | Villager (Male) |
| 18:16 | Build | House |
| 18:20 | Build | Palisade Wall |
| 18:44 | Create | Villager (Male) |
| 19:16 | Create | Archer |
| 19:24 | Create | Villager (Male) |
| 19:29 | Research | Castle Age |
| 19:48 | Build | Archery Range |
| 19:56 | Research | Padded Archer Armor |
| 20:08 | Build | Archery Range |
| 20:33 | Create | Spearman |
| 20:40 | Build | Lumber Camp |
| 20:43 | Build | Palisade Wall |
| 21:02 | Build | Palisade Gate |
| 21:21 | Research | Horse Collar |
| 21:23 | Research | Gold Mining |
| 21:27 | Create | Villager (Male) |
| 22:09 | Age | Castle Age |
| 22:11 | Create | Cavalry Archer ×5 |
| 22:11 | Create | Cavalry Archer ×5 |
| 22:12 | Create | Villager (Male) |
| 22:28 | Build | University |
| 22:30 | Create | Villager (Male) |
| 22:39 | Create | Cavalry Archer |
| 22:39 | Create | Cavalry Archer |
| 22:42 | Create | Cavalry Archer |
| 22:45 | Research | Bodkin Arrow |
| 22:55 | Create | Cavalry Archer |
| 22:55 | Create | Cavalry Archer |
| 23:08 | Build | Farm |
| 23:16 | Create | Cavalry Archer |
| 23:22 | Create | Villager (Male) |
| 23:33 | Build | Siege Workshop |
| 23:46 | Build | House |
Match timeline
| 5:32 | CORP_Leugim · first_building Barracks |
| 8:09 | juligrancella · first_building Barracks |
| 8:18 | juligrancella · wall_segment Palisade Wall x6 |
| 8:19 | juligrancella · wall_segment Palisade Wall x1 |
| 8:19 | juligrancella · wall_segment Palisade Wall x1 |
| 8:20 | juligrancella · wall_segment Palisade Wall x1 |
| 8:56 | juligrancella · wall_segment Palisade Wall x4 |
| 9:07 | CORP_Leugim · wall_segment Palisade Wall x1 |
| 9:07 | CORP_Leugim · wall_segment Palisade Wall x1 |
| 9:07 | CORP_Leugim · wall_segment Palisade Wall x1 |
| 9:17 | juligrancella · age_up feudal |
| 9:22 | CORP_Leugim · age_up feudal |
| 9:33 | juligrancella · first_building Archery Range |
| 9:43 | CORP_Leugim · first_building Archery Range |
| 10:29 | juligrancella · wall_segment Palisade Wall x20 |
| 11:00 | juligrancella · wall_segment Palisade Wall x1 |
| 11:02 | juligrancella · wall_segment Palisade Wall x1 |
| 11:03 | juligrancella · wall_segment Palisade Wall x1 |
| 11:06 | juligrancella · wall_segment Palisade Wall x1 |
| 11:07 | juligrancella · wall_segment Palisade Wall x1 |
| 12:37 | CORP_Leugim · wall_segment Palisade Wall x1 |
| 12:37 | CORP_Leugim · wall_segment Palisade Wall x1 |
| 13:29 | CORP_Leugim · wall_segment Palisade Wall x4 |
| 14:35 | CORP_Leugim · wall_segment Palisade Wall x5 |
| 15:35 | CORP_Leugim · wall_segment Palisade Wall x3 |
| 15:37 | CORP_Leugim · wall_segment Palisade Wall x2 |
| 15:37 | CORP_Leugim · wall_segment Palisade Wall x1 |
| 16:47 | CORP_Leugim · first_building Stable |
| 17:12 | CORP_Leugim · wall_segment Palisade Wall x1 |
| 17:37 | CORP_Leugim · wall_segment Palisade Wall x5 |
| 18:20 | juligrancella · wall_segment Palisade Wall x1 |
| 20:43 | CORP_Leugim · age_up castle |
| 20:43 | juligrancella · wall_segment Palisade Wall x1 |
| 20:46 | CORP_Leugim · first_building Siege Workshop |
| 22:09 | juligrancella · age_up castle |
| 23:33 | juligrancella · first_building Siege Workshop |
| 27:24 | juligrancella · resign |
[ AI ANALYSIS · 1 CREDIT ]
What really happened in this match?
Wolo.gg analyzes every decision: build order, eco, micro, common mistakes by bracket. Personalized analysis on WhatsApp or Discord in 30 seconds.
Civ guide
Celts
Perfil
Jugador #3238641